 Dungeon Crawl Stone Soup version 0.29.0-4-gdea44cf6ec (webtiles) character file.

Game seed: 9098262580276958

2 qw the Trooper (level 1, -9/18 HPs)
             Began as a Barachi Chaos Knight on Sept 4, 2022.
             Mangled by a chaos spawn (10 damage)
             ... summoned by Xom
             ... on level 1 of the Dungeon.
             The game lasted 00:00:05 (338 turns).

qw the Trooper (Barachi Chaos Knight)                Turns: 338, Time: 00:00:05

Health: -9/18      AC:  5    Str: 13    XL:     1   Next: 40%
Magic:  1/1        EV: 11    Int: 12    God:
Gold:   26         SH:  0    Dex: 11    Spells: 0/0 levels left

rFire   . . .      SeeInvis .   a - +0 hand axe (chaos)
rCold   . . .      Faith    .   (no shield)
rNeg    . . .      Spirit   .   b - +2 leather armour
rPois   .          Reflect  .   (no helmet)
rElec   .          Harm     .   (no cloak)
rCorr   .          Rampage  .   (no gloves)
Will    .....                   (no boots)
Stlth   +.........              (no amulet)
HPRegen 0.06/turn               (no ring)
MPRegen 0.07/turn               (no ring)

@: slow
A: amphibious, slowness 1, strong legs 1, +LOS
a: Hop


You were on level 1 of the Dungeon.
You visited 1 branch of the dungeon, and saw 1 of its levels.

You collected 26 gold pieces.


Innate Abilities, Weirdness & Mutations

You are amphibious.
You cover ground slowly.
You can hop short distances.
You have an extended range of vision and can be seen from far away.


   Skills:
 - Level 3.6 Fighting
 + Level 3.5 Axes
 - Level 2.4 Armour
 - Level 1.1 Dodging


You couldn't memorise any spells.
You didn't know any spells.
Your spell library was empty.

Inventory:

Hand Weapons
 a - a +0 hand axe of chaos (weapon)
Armour
 b - a +2 leather armour (worn)
 g - a +1 helmet
Scrolls
 e - a scroll of teleportation {unknown}
 f - a scroll of enchant weapon {unknown}
Potions
 d - a potion of heal wounds {unknown}
 h - a potion of degeneration {unknown}
Miscellaneous
 c - a piece from Xom's chessboard (15/15)

Dungeon Overview and Level Annotations

Branches:
Dungeon (1/15)

Altars:


Message History

Enter note: The kobold throws a stone.
The stone barely misses you.
The kobold throws a stone.
The stone misses you.
The kobold throws a stone.
The stone hits you but does no damage.
You hit the kobold. You freeze the kobold.
You kill the kobold!
Things that are here:
a +0 short sword; a stone You now have 26 gold pieces (gained 13).
A goblin comes into view. It is wielding a +0 dagger.
The goblin shouts!
Enter note: You hit the goblin but do no damage.
The goblin seems to speed up.
The goblin hits you but does no damage.
You closely miss the goblin. The goblin hits you but does no damage.
The goblin closely misses you.
You closely miss the goblin. The goblin hits you but does no damage.
The goblin barely misses you.
You hit the goblin but do no damage. The goblin barely misses you.
You hit the goblin.
The goblin goes berserk!
The goblin is lightly wounded.
The goblin hits you with a +0 dagger. The goblin hits you but does no damage.
You barely miss the goblin.
The goblin is lightly wounded.
The goblin hits you with a +0 dagger. The goblin hits you but does no damage.
You hit the goblin.
You kill the goblin!
You start resting. "Fight to survive, mortal."
A quasit comes into view.
You hit the chaos spawn but do no damage.
You barely miss the ice devil. You closely miss the iron imp.
You barely miss the chaos spawn. You closely miss the iron imp.
You hit the ice devil.
The ice devil convulses.
The chaos spawn gores you!
Ouch! That really hurt!
The chaos spawn freezes you!
Ouch! That really hurt!
You die...

##########
#........###########
#### #55............#
......##5##.#########.#
#....54@#...## #.#
#.....5##45...# #.#
#..#.. ##5..## #.# # #.
....## #)### .. ####.#
#.... .. #.# ####. #.
#+# #. # #. ####.


You could see an ice devil (summoned), a chaos spawn (summoned), 2 iron imps, 2
quasits, a crimson imp (summoned) and 2 white imps.

Vanquished Creatures
  A goblin (D:1)
  A kobold (D:1)
  A rat (D:1)
3 creatures vanquished.

Notes
Turn   | Place    | Note
-------+----------+-------------------------------------------
     0 | D:1      | qw the Barachi Chaos Knight began the quest for the Orb.
     0 | D:1      | Reached XP level 1. HP: 18/18 MP: 1/1
     0 | D:1      | 0 ||| qw: Version: 0.1-a-103-gd6f5d3a
     0 | D:1      | 0 ||| qw: Game counter: 5576
     0 | D:1      | 0 ||| qw: Always use a shield: true
     0 | D:1      | 0 ||| qw: God list: Okawaru
     0 | D:1      | 0 ||| qw: Allow faded altars: false
     0 | D:1      | 0 ||| qw: Do Orc after D:15 true
     0 | D:1      | 0 ||| qw: Do second Lair branch before Depths: true
     0 | D:1      | 0 ||| qw: Lair rune preference: random
     0 | D:1      | 0 ||| qw: Plans: Normal
     0 | D:1      | 0 ||| PLANNING D:1-11
     0 | D:1      | Fell from the grace of Xom
   336 | D:1      | XOM: summons 9 hostile demons
   337 | D:1      | Noticed a quasit
   337 | D:1      | Noticed an iron imp
   337 | D:1      | Noticed a quasit
   337 | D:1      | Noticed a crimson imp
   337 | D:1      | Noticed a chaos spawn
   337 | D:1      | Noticed an ice devil
   337 | D:1      | Noticed an iron imp
   338 | D:1      | HP: 1/18 [chaos spawn[Xom] (11)]
   338 | D:1      | Mangled by a chaos spawn

Levels and vault maps discovered:
D:1:      minmay_arrival_up_and_down, layout_loops_corners,
          minmay_misc_feat_chi, minmay_misc_feat_columns, hex_tiny

Action                   || total
-------------------------++-------
Melee: Hand axe          ||    11
Invok: Renounce Religion ||     1
Armor: Leather armour    ||     7
Dodge: Dodged            ||     5

Table legend:
 A = Non-vault XP
 B = Vault XP
 C = Vault XP percentage of total XP
 D = Non-vault monster count
 E = Vault monster count
 F = Vault count percentage of total count
                 A         B        C        D         E       F
            +---------+---------+-------+---------+---------+-------
      Total |       4 |       0 |   0.0 |       3 |       0 |   0.0
            +---------+---------+-------+---------+---------+-------
        D:1 |       4 |       0 |   0.0 |       3 |       0 |   0.0
            +---------+---------+-------+---------+---------+-------
